 Dungeon Crawl Stone Soup version 0.31-a0-344-gd109795599 (webtiles) character file.

Game seed: 8288915540707372729

7 drugrobin the Sneak (level 1, -13/18 HPs)
             Began as a Demigod Delver on July 21, 2023.
             Mangled by an ogre
             ... wielding a +0 giant club
              (21 damage)
             ... on level 5 of the Dungeon.
             The game lasted 00:00:53 (68 turns).

drugrobin the Sneak (Demigod Delver)                  Turns: 68, Time: 00:00:54

Health: -13/18     AC:  3    Str: 13    XL:     1   Next: 66%
Magic:  3/3        EV: 11    Int: 12    God:
Gold:   0          SH:  0    Dex: 15    Spells: 0/0 levels left

rFire   . . .        a - +0 mace
rCold   . . .        (no shield)
rNeg    . . .        b - +0 leather armour
rPois   .            (no helmet)
rElec   .            (no cloak)
rCorr   .            (no gloves)
SInv    .            (no boots)
Will    .....        (no amulet)
Stlth   +++          (no ring)
HPRegen 0.23/turn    (no ring)
MPRegen 0.08/turn

%: no passive effects
@: hasted, very quick
A: high MP 1, forlorn, divine attributes
a: no special abilities


You were on level 5 of the Dungeon.
You visited 1 branch of the dungeon, and saw 1 of its levels.

Inventory:

Hand Weapons
 a - a +0 mace (weapon)
 d - the +1 quarterstaff "Killer Klown's Doom" {spect, Drain rF+ Dex+3}
   (You found it on level 5 of the Dungeon)

   Dex:       It affects your dexterity (+3).
   rF:        It protects you from fire.
   Drain:     It drains your maximum health when unequipped.
Armour
 b - a +0 leather armour (worn)
Wands
 g - a wand of digging (3)
Scrolls
 c - a scroll of fog
 e - a scroll of fear


   Skills:
 - Level 2.6 Fighting
 + Level 2.4 Maces & Flails
 - Level 1.7 Dodging
 - Level 4.5 Stealth


You couldn't memorise any spells.
You didn't know any spells.
Your spell library was empty.

Dungeon Overview and Level Annotations

Branches:
Dungeon (5/15)             Temple (0/1) D:5


Innate Abilities, Weirdness & Mutations

You have an increased reservoir of magic. (+10% MP)
You shall have no god before yourself.
Your divine heritage dramatically boosts your attributes as you level up.


Message History

Unknown command.
Okay, then.
You feel yourself speed up. The orc barely misses you.
Found 13 gold pieces.
The orc throws a boomerang of dispersal.
The boomerang of dispersal closely misses you.
Found a stone staircase leading down.
You see here 13 gold pieces.
A phantom and an orc come into view.
The orc throws a boomerang of dispersal.
The boomerang of dispersal barely misses you.
Unknown command.
As you read the scroll of revelation, it crumbles to dust.
You feel aware of your surroundings.
You sensed 1 altar.
An orc comes into view.
It is wielding a +2 vampiric short sword.
Unknown command.
Unknown command.
The orc shouts!
An orc comes into view. It is wielding a +0 dagger.
The orc shouts! x2
Unknown command.
Unknown command.
Found a twisted quarterstaff.
Found 12 gold pieces.
Found 2 javelins.
Found a yellow potion.
Unknown command.
Found a stone staircase leading up.
Unknown command.
The ogre shouts!
Unknown command.
Unknown command.
You see here the +1 quarterstaff "Killer Klown's Doom" {spect, Drain rF+ Dex+3}.
Unknown command.
Unknown command.
d - the +1 quarterstaff "Killer Klown's Doom" {spect, Drain rF+ Dex+3}
There is a stone staircase leading up here.
The ogre hits you with a +0 giant club!!
Ouch! That really hurt!
You die...

#..........# ##
#..........# ##
#..........# ##
#....(.....# ##
#..........# ##
*#......$.#* ##
##........## ##
#.O........# ##
#@.........# ##
#..........## ###
#...........####..
#.!..^.....o....o.
##........##......
##...........#...
#####.##..###.##
#.##..* #.#
#.*#.#**#.#


You could see an ogre.

Vanquished Creatures
  5 jackals (D:5)
5 creatures vanquished.

Notes
Turn   | Place    | Note
-------+----------+-------------------------------------------
     0 | D:5      | drugrobin the Demigod Delver began the quest for the Orb.
     0 | D:5      | Reached XP level 1. HP: 18/18 MP: 3/3
     5 | D:5      | Noticed an ogre
    13 | D:5      | Noticed a hound
    40 | D:5      | Noticed a phantom
    60 | D:5      | Identified the +1 quarterstaff "Killer Klown's Doom"
                  | {spect, Drain rF+ Dex+3}
    68 | D:5      | Mangled by an ogre

Illustrated notes

Levels and vault maps discovered:
D:5:      layout_rooms, nzn_wu_jian_contemplation, temple_pool_b, st_stairs_5

Skill      XL: |  1 |
---------------+----+-----
Maces & Flails | 2 |  2.4
Fighting       | |  2.6
Dodging        | |  1.7
Stealth        | |  4.5

Action                     || total
---------------------------++-------
  Melee: Mace              ||    20
    Use: Scroll            ||     1
         Potion            ||     1
   Stab: Sleeping          ||     1
 Armour: Leather armour    ||     8
  Dodge: Dodged            ||    17

Table legend: (Time is in decaauts)
 A = Elapsed time spent in this place.
 B = Non-inter-level travel time spent in this place.
 C = Inter-level travel time spent in this place.
 D = Time resting spent in this place.
 E = Time spent auto-exploring this place.
 F = Levels seen in this place.
 G = Mean time per level.
                   A        B        C        D        E       F      G
               +--------+--------+--------+--------+--------+-----+--------+
         Total |     62 |     62 |      0 |      0 |      0 |   1 |   62.0 |
       Dungeon |     62 |     62 |      0 |      0 |      0 |   1 |   62.0 |
               +--------+--------+--------+--------+--------+-----+--------+

Top non-repeatable levels by time:
     D:5: 62 daAuts
